 Dungeon Crawl Stone Soup version 0.23-a0-586-gacb4b3f (webtiles) character file.

13647 inc the Jinx (level 11, -9/53 HPs)
             Began as a Felid Conjurer on Dec 18, 2018.
             Was a Believer of Fedhas.
             Killed from afar by a ynoxinul (30 damage)
             ... with an iron shot
             ... summoned by Frances
             ... on level 12 of the Dungeon.
             The game lasted 00:49:31 (20615 turns).

inc the Jinx (Felid Conjurer)                      Turns: 20615, Time: 00:49:32

Health: -9/53      AC:  2    Str:  4    XL:     11   Next: 78%
Magic:  10/24      EV: 30    Int: 20    God:    Fedhas [**....]
Gold:   710        SH:  0    Dex: 22    Spells: 16/26 levels left
                                        Lives:  0   Deaths: 3

rFire    . . .     SeeInvis +   (weapon unavailable)
rCold    . . .     Gourm    .   (shield unavailable)
rNeg     . . .     Faith    .   (armour unavailable)
rPois    +         Spirit   .   (helmet unavailable)
rElec    .         Reflect  .   (cloak unavailable)
rCorr    .         Harm     .   (gloves unavailable)
MR       +....                  (boots unavailable)
Stlth    +++.......             j - amulet of magic regeneration
HPRegen  0.17/turn              d - +5 ring of dexterity
MPRegen  0.44/turn              r - ring of poison resistance

@: quick
A: very small, no armour, no weapons or thrown items, stealth, claws 1, fangs 3,
see invisible, carnivore, speed 1, shaggy fur 2, slow metabolism 1, sharp paws
a: Fungal Bloom, Sunlight, Evolution, Renounce Religion


You were on level 12 of the Dungeon.
You worshipped Fedhas.
Fedhas was pleased with you.
You were not hungry.

You visited 2 branches of the dungeon, and saw 13 of its levels.

You collected 830 gold pieces.
You spent 120 gold pieces at shops.

Inventory:

Jewellery
 d - a +5 ring of dexterity (left paw)
 j - an amulet of magic regeneration (around neck)
 r - a ring of poison resistance (right paw)
 w - an uncursed ring of resist corrosion
 A - an uncursed ring of magical power
 C - a +3 ring of strength
 G - an uncursed ring of flight
 I - an uncursed amulet of harm
Wands
 k - a wand of flame (33)
 p - a wand of acid (13)
 D - a wand of iceblast (20)
Scrolls
 a - 6 scrolls of remove curse
 c - a scroll of immolation
 e - 2 scrolls of identify
 g - a scroll of amnesia
 h - a scroll of random uselessness
 l - 2 scrolls of enchant weapon
 n - 2 scrolls of enchant armour
 o - a scroll of teleportation
 t - 2 scrolls of fear
 y - 2 scrolls of blinking
 B - a scroll of magic mapping
 K - 2 scrolls of fog
Potions
 f - 6 potions of curing
 i - a potion of magic
 m - 3 potions of mutation
 q - 2 potions of resistance
 s - a potion of might
 u - a potion of degeneration
 v - 2 potions of haste
 x - 2 potions of agility
 z - a potion of cancellation
 E - a potion of lignification
 F - a potion of brilliance
 H - a potion of flight {unknown}
Miscellaneous
 J - a crystal ball of energy
Comestibles
 b - 34 rations


   Skills:
 - Level 9.0 Fighting
 - Level 11.8 Dodging
 - Level 2.6 Stealth
 - Level 8.1 Spellcasting
 - Level 10.3 Conjurations
 - Level 13.8 Hexes
 + Level 4.0 Invocations


You had 16 spell levels left.
You knew the following spells:

 Your Spells              Type           Power        Failure   Level  Hunger
a - Magic Dart            Conj           ####         1%          1    None
b - Searing Ray           Conj           #####.       1%          2    None
c - Dazzling Spray        Conj/Hex       ######       1%          3    None
f - Fulminant Prism       Conj/Hex       ######....   1%          4    ###....

Your spell library contained the following spells:

 Spells                   Type           Power        Failure   Level  Hunger
 Confusing Touch          Hex            ######       1%          1    None
 Corona                   Hex            ######.      1%          1    None
 Ensorcelled Hibernation  Hex/Ice        #####.       1%          2    None
 Throw Frost              Conj/Ice       ####..       1%          2    None
 Confuse                  Hex            ######..     1%          3    None
 Summon Guardian Golem    Hex/Summ       #####...     1%          3    None
 Tukima's Dance           Hex            ######..     1%          3    None
 Iskenderun's Mystic Bla  Conj           #####...     1%          4    ###....
 Animate Skeleton         Necr           N/A          9%          1    None
 Apportation              Tloc           #.....       9%          1    None
 Freeze                   Ice            #...         9%          1    None
 Summon Small Mammal      Summ           #...         9%          1    None
 Force Lance              Conj/Tloc      ####....     10%         4    ###....
 Throw Icicle             Conj/Ice       ####....     10%         4    ###....
 Call Imp                 Summ           #.......     13%         2    None
 Metabolic Englaciation   Hex/Ice        #####.....   14%         5    #####..
 Yara's Violent Unravell  Hex/Tmut       #####.....   14%         5    #####..
 Call Canine Familiar     Summ           #.......     26%         3    None
 Gell's Gravitas          Tloc           #.........   26%         3    None
 Ozocubu's Armour         Chrm/Ice       #.......     26%         3    None
 Petrify                  Tmut/Erth      #.......     63%         4    ###....
 Summon Ice Beast         Ice/Summ       #.......     63%         4    ###....
 Summon Lightning Spire   Summ/Air       #.......     63%         4    ###....


Dungeon Overview and Level Annotations

Branches:
Dungeon (12/15)            Temple (0/1) D:7            Lair (1/6) D:10
    Orc: D:9-12

Altars:
Ashenzari
Dithmenos
Fedhas
Kikubaaqudgha
Okawaru
Ru
Xom

Shops:
D:4 !   D:5 *

Annotations:
D:3 Grinder
D:5 2 runed doors, melvinkitnick's ghost, novice GnWn
D:8 3 runed doors, RexLacerta's ghost, novice HaHu
D:12 Fannar; Frances


Innate Abilities, Weirdness & Mutations

You cannot wear armour.
You are incapable of wielding weapons or throwing items.
Your paws allow you to move quietly. (Stealth)
You have sharp claws.
You have razor-sharp teeth.
You have supernaturally acute eyesight. (SInv)
You are carnivorous and can eat meat at any time.
You cover ground quickly.
You are covered in thick fur. (AC +2)
You have a slow metabolism.
Your sharp claws are effective at attacking unaware monsters.


Message History

Confirm with . or Enter, or press ? or * to list all spells.
Aiming: Magic Dart (safe; 1% risk of failure)
Press: ? - help, Shift-Dir - straight line, f/p - Frances
Aim: Frances, wielding a -2 long sword and wearing a +0 scale mail of poison The magic dart hits the orc.
You kill the orc!
Your fulminant prism explodes!
The blast of energy engulfs the sun demon.
The sun demon is moderately wounded.
The blast of energy engulfs Frances.
Frances is heavily wounded.
Fedhas protects your plant from harm.
Your oklob plant spits acid at Frances.
The splash of acid hits the sun demon.
The sun demon appears unharmed.
You hear a shout! x3
Fedhas appreciates ongoing decay.
The ynoxinul gestures at you. The iron shot hits you!
Ouch! That really hurt!
You die...
Fedhas appreciates your contribution to the ecosystem.

..#...)...##.##.#.............# .
..#...).........#######'#.....# .
..#.........P)..........#.....###
..'..P................###........
..#...........3e......#..........
...#.#.#''#.#.#@......#..........
...#####..#####.3.....'.#######..
...# #....# #.......#.# #.. ...#
+....'. #.@.....#.# #.. ..)#
#....####.......#.# ##.
..<############.......#.# #.
#####.........####....#.# #.
.................######.########.
...........)..(................†.
(.......÷........................
.................................
.........................#####...


You could see Frances, Fannar, a sun demon and a ynoxinul.

Vanquished Creatures
  Gastronok (D:10)
  Erolcha (D:9)
  A hydra (D:9)
  Erica (D:10)
  6 two-headed ogres
  An ugly thing (D:11)
  A deep elf mage (D:12)
  A cyclops (D:12)
  Maurice (D:9)
  Psyche (D:10)
  A gargoyle (D:12)
  A komodo dragon (Lair:1)
  3 trolls
  A hornet (D:12)
  A hippogriff (D:9)
  A wraith (D:10)
  A shadow (D:12)
  Sigmund (D:3)
  Eustachio (D:6)
  8 yaks
  A vampire (D:10)
  A hungry ghost (D:9)
  3 wargs
  6 phantoms
  5 orc warriors
  An eye of draining (D:8)
  4 ice beasts
  6 sky beasts
  3 black bears
  11 ogres
  A necrophage (D:7)
  11 centaurs
  6 wolves (Lair:1)
  2 crocodiles
  Blork the orc (D:4)
  2 big kobolds
  6 bullfrogs
  A wyvern zombie (D:12)
  16 killer bees
  5 wights (D:8)
  2 howler monkeys
  8 crimson imps
  A quasit (D:8)
  4 bullfrog zombies
  3 jellies
  9 orc priests
  A bullfrog skeleton (D:8)
  A gnoll shaman (D:6)
  5 hounds
  20 orc wizards
  5 centaur skeletons
  Jessica (D:2)
  6 iguanas
  Natasha (D:2)
  10 worker ants
  A hound zombie (D:10)
  4 worker ant zombies
  11 gnolls
  A howler monkey skeleton (D:7)
  16 adders
  A shadow imp (D:7)
  An ooze (D:5)
  2 adder skeletons
  4 worms
  4 dart slugs
  8 leopard geckos
  67 orcs
  5 bats
  6 giant cockroaches
  10 goblins
  8 hobgoblins
  6 jackals
  6 quokkas
  5 frilled lizards
  11 kobolds
  A leopard gecko skeleton (D:8)
  4 quokka skeletons
  9 rats
394 creatures vanquished.

Vanquished Creatures (others)
  An orc (D:11)
  121 fulminant prisms
  2 toadstools (D:8)
124 creatures vanquished.

Grand Total: 518 creatures vanquished

Notes
Turn   | Place    | Note
-------+----------+-------------------------------------------
     0 | D:1      | inc the Felid Conjurer began the quest for the Orb.
     0 | D:1      | Reached XP level 1. HP: 7/7 MP: 4/4
   348 | D:1      | Reached XP level 2. HP: 11/11 MP: 3/6
  1240 | D:1      | Reached XP level 3. HP: 14/14 MP: 4/8
  1429 | D:2      | Found an iron altar of Okawaru.
  1676 | D:2      | Learned a level 2 spell: Searing Ray
  1680 | D:2      | Learned a level 3 spell: Dazzling Spray
  2211 | D:2      | Found a sacrificial altar of Ru.
  2269 | D:2      | Noticed an ogre
  2276 | D:2      | Killed an ogre
  2276 | D:2      | Reached XP level 4. HP: 18/18 MP: 4/10
  2276 | D:2      | Reached XP level 5. HP: 21/21 MP: 4/11
  2384 | D:2      | Noticed Natasha
  2406 | D:2      | Killed Natasha
  2406 | D:2      | Reached skill level 5 in Conjurations
  2533 | D:2      | Noticed Jessica
  2537 | D:2      | Killed Jessica
  2588 | D:3      | Found an ancient bone altar of Kikubaaqudgha.
  2729 | D:3      | Gained mutation: You are covered in thick fur. (AC +2)
                  | [Felid growth]
  2729 | D:3      | Reached XP level 6. HP: 24/24 MP: 8/13
  2889 | D:3      | Noticed Grinder
  3094 | D:3      | Noticed Sigmund
  3104 | D:3      | Killed Sigmund
  3104 | D:3      | Reached skill level 5 in Spellcasting
  3104 | D:3      | Reached XP level 7. HP: 27/27 MP: 7/15
  3783 | D:4      | Noticed Blork the orc
  3790 | D:4      | Killed Blork the orc
  4083 | D:4      | Found Sagh's Distillery.
  4086 | D:4      | Bought 2 potions of heal wounds for 120 gold pieces
  4223 | D:4      | Found a shattered altar of Ashenzari.
  4433 | D:4      | Reached XP level 8. HP: 13/31 MP: 11/18
  4635 | D:4      | Learned a level 4 spell: Fulminant Prism
  4791 | D:5      | Entered Level 5 of the Dungeon
  4838 | D:5      | Reached skill level 3 in Hexes
  5110 | D:5      | Found Rihops's General Store.
  5185 | D:5      | Reached skill level 4 in Hexes
  5409 | D:5      | Found a runed door.
  5410 | D:5      | Noticed melvinkitnick's ghost (novice GnWn)
  5496 | D:5      | Reached skill level 5 in Hexes
  5536 | D:5      | Found a runed door.
  5601 | D:5      | Found a shimmering altar of Xom.
  5608 | D:5      | Reached skill level 6 in Hexes
  5909 | D:6      | Reached skill level 7 in Hexes
  6213 | D:6      | Reached skill level 8 in Hexes
  6449 | D:6      | Reached skill level 1 in Fighting
  6750 | D:6      | Noticed Eustachio
  6757 | D:6      | Killed Eustachio
  6757 | D:6      | Reached XP level 9. HP: 23/37 MP: 10/19
  6996 | D:6      | Reached skill level 5 in Dodging
  7505 | D:6      | Found a blossoming altar of Fedhas.
  7508 | D:6      | Became a worshipper of Fedhas Madash
  7703 | D:7      | Found a shadowy altar of Dithmenos.
  7808 | D:7      | Slain by a killer bee
  7809 | D:7      | Reached XP level 8. HP: -2/36 MP: 12/18
  7809 | D:7      | Found a staircase to the Ecumenical Temple.
  7815 | D:7      | Slain by an ice beast
  7816 | D:7      | Reached XP level 7. HP: -5/32 MP: 17/17
  8470 | D:7      | Reached XP level 8. HP: 30/36 MP: 13/18
  8693 | D:7      | Reached skill level 5 in Fighting
  9781 | D:8      | Reached XP level 9. HP: 42/42 MP: 15/19
 10818 | D:8      | Noticed a two-headed ogre
 11329 | D:8      | Killed a two-headed ogre
 11329 | D:8      | Reached skill level 10 in Dodging
 11405 | D:8      | Found a runed gate.
 11405 | D:8      | Found a runed gate.
 11405 | D:8      | Found a runed gate.
 11407 | D:8      | Noticed RexLacerta's ghost (novice HaHu)
 11960 | D:9      | Noticed Erolcha
 11982 | D:9      | Killed Erolcha
 11982 | D:9      | Reached XP level 10. HP: 29/48 MP: 7/20
 12077 | D:9      | Noticed a two-headed ogre
 12134 | D:9      | Killed a two-headed ogre
 12134 | D:9      | Reached skill level 9 in Hexes
 12317 | D:9      | Noticed a two-headed ogre
 12335 | D:9      | Killed a two-headed ogre
 12399 | D:9      | Reached * piety under Fedhas
 12417 | D:9      | Reached skill level 10 in Hexes
 12899 | D:9      | Noticed a seven-headed hydra
 12930 | D:9      | Killed a seven-headed hydra
 13019 | D:9      | Reached skill level 11 in Hexes
 13145 | D:9      | Reached XP level 11. HP: 24/51 MP: 14/21
 13314 | D:9      | Noticed Maurice
 13331 | D:9      | Killed Maurice
 13382 | D:9      | Noticed a two-headed ogre
 13399 | D:9      | Killed a two-headed ogre
 13531 | D:10     | Entered Level 10 of the Dungeon
 13532 | D:10     | Found a staircase to the Lair.
 14137 | D:10     | Reached skill level 12 in Hexes
 14222 | D:10     | Noticed Gastronok
 14500 | D:11     | Reached ** piety under Fedhas
 14598 | D:10     | Noticed a two-headed ogre
 14641 | D:10     | Killed a two-headed ogre
 14979 | D:10     | Killed Gastronok
 14979 | D:10     | Reached skill level 10 in Conjurations
 14979 | D:10     | Reached skill level 13 in Hexes
 15046 | D:10     | Noticed Psyche
 15052 | D:10     | Killed Psyche
 15059 | D:10     | Noticed Erica
 15078 | D:10     | Killed Erica
 15356 | D:10     | Noticed a two-headed ogre
 15413 | D:10     | Killed a two-headed ogre
 15878 | D:10     | Killed by an exploding fulminant prism
 15879 | D:10     | Reached XP level 10. HP: -16/48 MP: 4/20
 15963 | D:11     | Reached XP level 11. HP: 42/52 MP: 11/21
 16971 | D:11     | Noticed a white ugly thing
 17446 | D:11     | HP: 1/53 [white ugly thing (18)]
 17449 | D:11     | Killed a white ugly thing
 18190 | D:12     | Noticed a deep elf mage
 18202 | D:12     | Killed a deep elf mage
 18803 | D:12     | Noticed Frances
 18862 | Lair:1   | Entered Level 1 of the Lair of Beasts
 19132 | Lair:1   | Reached skill level 1 in Invocations
 19632 | D:12     | Noticed Fannar
 20041 | D:12     | Noticed a sun demon
 20041 | D:12     | Noticed a sixfirhy
 20590 | D:12     | Noticed a sun demon
 20613 | D:12     | Noticed a sun demon
 20615 | D:12     | Killed from afar by a ynoxinul

Vault maps used:
D:1:      sevenhm_arrival_forest_fort_large_1
D:2:      minmay_chambers_of_twos, nicolae_ru_the_path_less_chosen,
          okawaru_metal_pillars_1_2, uniq_natasha, uniq_jessica
D:3:      overflow_temple_1_default, first_ration, uniq_grinder, uniq_sigmund
D:4:      lemuel_round_altar, serial_shops, nicolae_shop_behind_doors,
          kennysheep_generic_room_14, uniq_blork_the_orc
D:5:      serial_shops, nicolae_shop_stone, ebering_ghost_sewer_f, led_xom_imps
D:6:      kennysheep_mini, uniq_eustachio
D:7:      old_standard_altar, minmay_temple_entry_mist
D:8:      gammafunk_ghost_spectres, minmay_joined_circles
D:9:      uniq_erolcha, uniq_maurice
D:10:     erik_lair_orcish_takeover, uniq_psyche, uniq_gastronok, uniq_erica
D:11:     gauntlet_entry_generic
D:12:     david_orc_2, blue_anna_alchemist, uniq_frances, uniq_fannar

Skill      XL: |  1  2  3  4  5  6  7  8  9 10 11 |
---------------+----------------------------------+-----
Conjurations   | 4 5 6 7 8 10 | 10.3
Spellcasting   | 3 4 5 6 8 |  8.1
Hexes          | 8 11 13 | 13.8
Dodging        | 7 8 11 | 11.8
Fighting       | 6 8 9 |  9.0
Invocations    | 4 |  4.0
Stealth        | |  2.6

Action                   |  1- 3 |  4- 6 |  7- 9 | 10-12 || total
-------------------------+-------+-------+-------+-------++-------
Melee: Unarmed           |     4 |     1 |   100 |     4 ||   109
       Bite              |       |       |    14 |       ||    14
 Cast: Magic Dart        |    91 |    69 |   475 |   490 ||  1125
       Searing Ray       |     2 |    12 |    34 |    25 ||    73
       Fulminant Prism   |       |       |    27 |    94 ||   121
       Dazzling Spray    |       |       |    17 |    82 ||    99
Invok: Fungal Bloom      |       |       |     1 |       ||     1
       Evolution         |       |       |       |     1 ||     1
  Use: Scroll            |       |       |     7 |    18 ||    25
       Potion            |       |       |     5 |     2 ||     7
 Stab: Invisible         |       |       |       |     1 ||     1
  Eat: Chunk             |     3 |     4 |    22 |    24 ||    53
       Ration            |       |       |       |     1 ||     1
Armor: Skin              |     3 |     2 |    13 |     4 ||    22
Dodge: Dodged            |    36 |    26 |   235 |   342 ||   639

Table legend:
 A = Non-vault XP
 B = Vault XP
 C = Vault XP percentage of total XP
 D = Non-vault monster count
 E = Vault monster count
 F = Vault count percentage of total count
                 A         B        C        D         E       F
            +---------+---------+-------+---------+---------+-------
      Total |   24471 |    7690 |  23.9 |     339 |      55 |  14.0
            +---------+---------+-------+---------+---------+-------
        D:1 |      39 |       3 |   7.1 |      23 |       3 |  11.5
        D:2 |      51 |     200 |  79.7 |      11 |       9 |  45.0
        D:3 |     440 |     212 |  32.5 |      38 |       1 |   2.6
        D:4 |     396 |     102 |  20.5 |      19 |       2 |   9.5
        D:5 |     371 |     142 |  27.7 |      18 |       3 |  14.3
        D:6 |    1088 |     211 |  16.2 |      32 |       1 |   3.0
        D:7 |    1328 |       0 |   0.0 |      26 |       0 |   0.0
        D:8 |    2153 |     891 |  29.3 |      28 |      17 |  37.8
        D:9 |    6128 |    1680 |  21.5 |      44 |       3 |   6.4
       D:10 |    3445 |    3996 |  53.7 |      22 |      10 |  31.2
       D:11 |    4093 |       0 |   0.0 |      42 |       0 |   0.0
       D:12 |    3820 |     253 |   6.2 |      28 |       6 |  17.6
     Lair:1 |    1119 |       0 |   0.0 |       8 |       0 |   0.0
            +---------+---------+-------+---------+---------+-------
